TOP OF THE 1ST |
Louisiana State University Tigers batting - Pitching for University of Southern California Trojans : RHP Yacob Onyebuchi
|
Pitching: RHP Yacob Onyebuchi
|
|
Batting: RHB Winston Vasquez
|
0-0: Called Strike 0-1: Fly out, F9 (Flyball, 89S, EV 86.2 MPH)
|
Batting: LHB Elijah Mallandain
|
0-0: Ball 1-0: Called Strike 1-1: Ground out 4-3 (Groundball, 4, EV 103.1 MPH)
|
Batting: RHB Pete Roberts
|
0-0: Ball 1-0: Ball 2-0: Called Strike 2-1: Called Strike 2-2: Ball 3-2: Base on Balls
|
Batting: RHB Leo Roldan
|
0-0: Ball 1-0: Ball 2-0: Swinging Strike 2-1: Ball 3-1: Base on Balls Pete Roberts to second
|
Batting: LHB Matt Ellington
|
0-0: Ball 1-0: Ball 2-0: Foul Ball, location: 2F 2-1: Fly out, F9 (Line Drive, 89M, EV 89.4 MPH)
|
Top of the 1st over - 0 runs, 0 hits, 0 errors, 2 left on base; Louisiana State University 0 - University of Southern California 0 |
BOTTOM OF THE 1ST |
University of Southern California Trojans batting - Pitching for Louisiana State University Tigers : LHP Juan Barrios
|
Pitching: LHP Juan Barrios
|
|
Batting: RHB Jochen Schanz
|
0-0: Ball 1-0: Ball 2-0: Called Strike 2-1: Foul Ball, location: 2F 2-2: Strikes out swinging
|
Batting: LHB John Rumbolt
|
0-0: Called Strike 0-1: SINGLE (Groundball, 6D, EV 100.6 MPH)
|
Batting: RHB Rick Acevedo
|
0-0: Called Strike 0-1: Ball 1-1: Reached on error, E5 (Groundball, 5, EV 81.9 MPH) John Rumbolt to second
|
Batting: LHB Eli Evenson
|
0-0: Called Strike 0-1: Ball 1-1: Swinging Strike 1-2: Strikes out swinging
|
Batting: SHB Jason Keys
|
0-0: Ball 1-0: Called Strike 1-1: Swinging Strike 1-2: Ball 2-2: Ball 3-2: Base on Balls John Rumbolt to third Rick Acevedo to second
|
Batting: RHB John Sandberg
|
0-0: Ball 1-0: Called Strike 1-1: Swinging Strike 1-2: Ball 2-2: Foul Ball, location: 2F 2-2: Ground out 4-3 (Groundball, 4, EV 103.1 MPH)
|
Bottom of the 1st over - 0 runs, 1 hit, 1 error, 3 left on base; Louisiana State University 0 - University of Southern California 0 |
TOP OF THE 2ND |
Louisiana State University Tigers batting - Pitching for University of Southern California Trojans : RHP Yacob Onyebuchi
|
Batting: RHB D.J. Ganz
|
0-0: Ball 1-0: Ball 2-0: DOUBLE (Line Drive, 89D, EV 107.5 MPH)
|
Batting: LHB Manny Grado
|
0-0: Foul Ball, location: 2F 0-1: SINGLE (Flyball, 6MD, EV 89.4 MPH) D.J. Ganz to third
|
Batting: RHB Byung-hee Jee
|
0-0: Fly out, F9 (Flyball, 9D, EV 103.8 MPH) Runner from 3rd tags up, SCORES, throw by RF
|
Batting: SHB Brian Caruso
|
0-0: Ball 1-0: Ball 2-0: Called Strike 2-1: Foul Ball, location: 2F 2-2: Strikes out swinging
|
Batting: RHB Winston Vasquez
|
0-0: Ball 1-0: SINGLE (Flyball, 8LS, EV 89.4 MPH) Manny Grado to second Runner from 2nd tries for 3rd, SAFE, throw by CF made to third
|
Batting: LHB Elijah Mallandain
|
0-0: Ball 1-0: Ball 2-0: Called Strike 2-1: Fly out, F7 (Flyball, 7LM, EV 106.2 MPH)
|
Top of the 2nd over - 1 run, 3 hits, 0 errors, 2 left on base; Louisiana State University 1 - University of Southern California 0 |
BOTTOM OF THE 2ND |
University of Southern California Trojans batting - Pitching for Louisiana State University Tigers : LHP Juan Barrios
|
Batting: LHB Roger Kean
|
0-0: Ball 1-0: Fly out, F8 (Flyball, 8RM, EV 91.2 MPH)
|
Batting: RHB Tri Kartini
|
0-0: Ball 1-0: Fly out, F9 (Flyball, 89M, EV 80.0 MPH)
|
Batting: RHB Bobby Basoco
|
0-0: Ball 1-0: Ground out 4-3 (Groundball, 4, EV 104.4 MPH)
|
Bottom of the 2nd over - 0 runs, 0 hits, 0 errors, 0 left on base; Louisiana State University 1 - University of Southern California 0 |
TOP OF THE 3RD |
Louisiana State University Tigers batting - Pitching for University of Southern California Trojans : RHP Yacob Onyebuchi
|
Batting: RHB Pete Roberts
|
0-0: Called Strike 0-1: Fly out, F3 (Popup, 3F, EV 61.2 MPH)
|
Batting: RHB Leo Roldan
|
0-0: Ball 1-0: Fly out, F9 (Flyball, 9S, EV 92.5 MPH)
|
Batting: LHB Matt Ellington
|
0-0: Ball 1-0: Foul Ball, location: 2F 1-1: Called Strike 1-2: Ball 2-2: Fly out, F7 (Flyball, 7, EV 95.0 MPH)
|
Top of the 3rd over - 0 runs, 0 hits, 0 errors, 0 left on base; Louisiana State University 1 - University of Southern California 0 |
BOTTOM OF THE 3RD |
University of Southern California Trojans batting - Pitching for Louisiana State University Tigers : LHP Juan Barrios
|
Batting: RHB Jochen Schanz
|
0-0: Swinging Strike 0-1: Ball 1-1: Foul Ball, location: 2F 1-2: Foul Ball, location: 2F 1-2: Strikes out swinging
|
Batting: LHB John Rumbolt
|
0-0: Called Strike 0-1: Foul Ball, location: 2F 0-2: Strikes out swinging
|
Batting: RHB Rick Acevedo
|
0-0: Called Strike 0-1: Ball 1-1: Foul Ball, location: 2F 1-2: Foul Ball, location: 2F 1-2: Ball 2-2: Foul Ball, location: 2F 2-2: Strikes out swinging
|
Bottom of the 3rd over - 0 runs, 0 hits, 0 errors, 0 left on base; Louisiana State University 1 - University of Southern California 0 |
TOP OF THE 4TH |
Louisiana State University Tigers batting - Pitching for University of Southern California Trojans : RHP Yacob Onyebuchi
|
Batting: RHB D.J. Ganz
|
0-0: Fly out, F9 (Line Drive, 9, EV 95.6 MPH)
|
Batting: LHB Manny Grado
|
0-0: Ball 1-0: Called Strike 1-1: Swinging Strike 1-2: Ball 2-2: Strikes out looking
|
Batting: RHB Byung-hee Jee
|
0-0: Called Strike 0-1: Ground out 2-3 (Groundball, 15S, EV 67.5 MPH)
|
Top of the 4th over - 0 runs, 0 hits, 0 errors, 0 left on base; Louisiana State University 1 - University of Southern California 0 |
BOTTOM OF THE 4TH |
University of Southern California Trojans batting - Pitching for Louisiana State University Tigers : LHP Juan Barrios
|
Batting: LHB Eli Evenson
|
0-0: Foul Ball, location: 2F 0-1: Foul Ball, location: 2F 0-2: Ball 1-2: Ball 2-2: Strikes out swinging
|
Batting: SHB Jason Keys
|
0-0: Called Strike 0-1: Fly out, F8 (Flyball, 8RM, EV 88.1 MPH)
|
Batting: RHB John Sandberg
|
0-0: Foul Ball, location: 2F 0-1: Foul Ball, location: 2F 0-2: Foul Ball, location: 2F 0-2: Ball 1-2: SINGLE (Flyball, 3D, EV 84.4 MPH)
|
Batting: LHB Roger Kean
|
0-0: Called Strike 0-1: Ball 1-1: Swinging Strike 1-2: Ground out 4-3 (Groundball, 4, EV 83.8 MPH)
|
Bottom of the 4th over - 0 runs, 1 hit, 0 errors, 1 left on base; Louisiana State University 1 - University of Southern California 0 |
TOP OF THE 5TH |
Louisiana State University Tigers batting - Pitching for University of Southern California Trojans : RHP Yacob Onyebuchi
|
Batting: SHB Brian Caruso
|
0-0: Foul Ball, location: 2F 0-1: Foul Ball, location: 2F 0-2: Foul Ball, location: 2F 0-2: Ball 1-2: Foul Ball, location: 2F 1-2: Ball 2-2: Foul Ball, location: 2F 2-2: Ground out 4-3 (Groundball, 4, EV 76.9 MPH)
|
Batting: RHB Winston Vasquez
|
0-0: Called Strike 0-1: SOLO HOME RUN (Flyball, 8LXD, EV 113.8 MPH), Distance : 445 ft
|
Batting: LHB Elijah Mallandain
|
0-0: Foul Ball, location: 2F 0-1: Ball 1-1: Ball 2-1: Foul Ball, location: 2F 2-2: Strikes out looking
|
Batting: RHB Pete Roberts
|
0-0: Called Strike 0-1: Ball 1-1: Ball 2-1: Ball 3-1: Base on Balls
|
Pitching: RHP Kyle Barraza
|
|
Batting: RHB Leo Roldan
|
0-0: Called Strike 0-1: Ground out 4-3 (Groundball, 34, EV 80.6 MPH)
|
Top of the 5th over - 1 run, 1 hit, 0 errors, 1 left on base; Louisiana State University 2 - University of Southern California 0 |
BOTTOM OF THE 5TH |
University of Southern California Trojans batting - Pitching for Louisiana State University Tigers : LHP Juan Barrios
|
Batting: RHB Tri Kartini
|
0-0: Swinging Strike 0-1: Ball 1-1: SINGLE (Line Drive, 4D, EV 100.0 MPH)
|
Batting: RHB Bobby Basoco
|
0-0: Ball 1-0: Called Strike 1-1: Foul Ball, location: 2F 1-2: Fly out, F9 (Flyball, 89S, EV 83.8 MPH)
|
Batting: RHB Jochen Schanz
|
0-0: Called Strike 0-1: Ball 1-1: Ball 2-1: Fly out, F9 (Flyball, 89M, EV 85.6 MPH)
|
Batting: LHB John Rumbolt
|
0-0: Foul Ball, location: 2F 0-1: Ground out U3 (Groundball, 3S, EV 76.9 MPH)
|
Bottom of the 5th over - 0 runs, 1 hit, 0 errors, 1 left on base; Louisiana State University 2 - University of Southern California 0 |
TOP OF THE 6TH |
Louisiana State University Tigers batting - Pitching for University of Southern California Trojans : RHP Kyle Barraza
|
Batting: LHB Matt Ellington
|
0-0: Ball 1-0: Ball 2-0: Called Strike 2-1: Ball 3-1: Swinging Strike 3-2: Foul Ball, location: 2F 3-2: Foul Ball, location: 2F 3-2: Foul Ball, location: 2F 3-2: Strikes out swinging
|
Batting: RHB D.J. Ganz
|
0-0: Ball 1-0: Ball 2-0: Swinging Strike 2-1: Called Strike 2-2: Strikes out swinging
|
Batting: LHB Manny Grado
|
0-0: Called Strike 0-1: Foul Ball, location: 2F 0-2: Ball 1-2: Foul Ball, location: 2F 1-2: Strikes out looking
|
Top of the 6th over - 0 runs, 0 hits, 0 errors, 0 left on base; Louisiana State University 2 - University of Southern California 0 |
BOTTOM OF THE 6TH |
University of Southern California Trojans batting - Pitching for Louisiana State University Tigers : LHP Juan Barrios
|
Pitching: LHP Bob Arms
|
|
Batting: RHB Rick Acevedo
|
0-0: Called Strike 0-1: Ball 1-1: Foul Ball, location: 2F 1-2: SINGLE (Groundball, 5D, EV 108.8 MPH)
|
Batting: LHB Alonzo Catalan
|
0-0: SINGLE (Groundball, P, EV 83.8 MPH) (infield hit) Rick Acevedo to second
|
Batting: SHB Jason Keys
|
0-0: Ball 1-0: Hit by Pitch Rick Acevedo to third Alonzo Catalan to second
|
Batting: RHB John Sandberg
|
0-0: Called Strike 0-1: Ball 1-1: Foul Ball, location: 2F 1-2: Foul Ball, location: 2F 1-2: Grounds into double play, 3-6-3 (Groundball, 34, EV 76.2 MPH) Rick Acevedo scores Alonzo Catalan to third
|
Batting: LHB Roger Kean
|
0-0: Called Strike 0-1: Ball 1-1: Ground out 4-3 (Groundball, 4, EV 86.2 MPH)
|
Bottom of the 6th over - 1 run, 2 hits, 0 errors, 1 left on base; Louisiana State University 2 - University of Southern California 1 |
TOP OF THE 7TH |
Louisiana State University Tigers batting - Pitching for University of Southern California Trojans : RHP Kyle Barraza
|
Pitching: RHP Lorenzo Garcia
|
|
Batting: RHB Byung-hee Jee
|
0-0: Foul Ball, location: 2F 0-1: Ball 1-1: Ground out 4-3 (Groundball, 4, EV 101.2 MPH)
|
Batting: SHB Brian Caruso
|
0-0: Swinging Strike 0-1: Swinging Strike 0-2: Ball 1-2: Strikes out swinging
|
Batting: RHB Winston Vasquez
|
0-0: Called Strike 0-1: Foul Ball, location: 2F 0-2: Ball 1-2: Ball 2-2: Fly out, F8 (Line Drive, 8RD, EV 90.6 MPH)
|
Top of the 7th over - 0 runs, 0 hits, 0 errors, 0 left on base; Louisiana State University 2 - University of Southern California 1 |
BOTTOM OF THE 7TH |
University of Southern California Trojans batting - Pitching for Louisiana State University Tigers : LHP Bob Arms
|
Pitching: RHP Brian Hilbert
|
|
Batting: RHB Tri Kartini
|
0-0: Foul Ball, location: 2F 0-1: Foul Ball, location: 2F 0-2: Ball 1-2: Strikes out swinging
|
Batting: RHB Bobby Basoco
|
0-0: Ball 1-0: Foul Ball, location: 2F 1-1: Ball 2-1: Ball 3-1: Foul Ball, location: 2F 3-2: Reached on error, E4 (Groundball, 34D, EV 107.5 MPH)
|
Batting: RHB Jochen Schanz
|
0-0: Ball 1-0: Ball 2-0: Ball 3-0: Called Strike 3-1: Base on Balls Bobby Basoco to second
|
Pinch Hitting: RHB Jim Baltazar
|
0-0: Ball 1-0: Foul Ball, location: 2F 1-1: Swinging Strike 1-2: Ball 2-2: Foul Ball, location: 2F 2-2: Foul Ball, location: 2F 2-2: Strikes out looking
|
Batting: RHB Rick Acevedo
|
0-0: Ball 1-0: Called Strike 1-1: Swinging Strike 1-2: Strikes out swinging
|
Bottom of the 7th over - 0 runs, 0 hits, 1 error, 2 left on base; Louisiana State University 2 - University of Southern California 1 |
TOP OF THE 8TH |
Louisiana State University Tigers batting - Pitching for University of Southern California Trojans : RHP Lorenzo Garcia
|
Pitching: RHP Tom Applebee
|
|
Now at 1B: Jim Baltazar
|
|
Batting: LHB Elijah Mallandain
|
0-0: Ball 1-0: SINGLE (Groundball, 4, EV 101.9 MPH)
|
Batting: RHB Pete Roberts
|
0-0: Ball Elijah Mallandain steals 2nd base 1-0: Intentional Walk
|
Batting: RHB Leo Roldan
|
0-0: Ball 1-0: Called Strike 1-1: SINGLE (Groundball, 4MD, EV 103.1 MPH) Elijah Mallandain to third Pete Roberts to second Runner from 3rd tries for Home, SAFE, throw by CF to home
|
Batting: LHB Matt Ellington
|
0-0: Foul Ball, location: 2F 0-1: Grounds into double play, 6-4-3 (Groundball, 6M, EV 89.4 MPH) Pete Roberts to third
|
Batting: RHB D.J. Ganz
|
0-0: Called Strike 0-1: Swinging Strike 0-2: Ground out U3 (Groundball, 34S, EV 85.0 MPH)
|
Top of the 8th over - 1 run, 2 hits, 0 errors, 1 left on base; Louisiana State University 3 - University of Southern California 1 |
BOTTOM OF THE 8TH |
University of Southern California Trojans batting - Pitching for Louisiana State University Tigers : RHP Brian Hilbert
|
Pitching: RHP Sal Ganzalez
|
|
Now in LF: Elijah Mallandain
|
|
Now in CF: John Carter
|
|
Batting: LHB Alonzo Catalan
|
0-0: SINGLE (Line Drive, 6MD, EV 95.0 MPH)
|
Batting: SHB Jason Keys
|
0-0: Called Strike 0-1: Ball 1-1: Swinging Strike 1-2: Strikes out swinging
|
Batting: RHB John Sandberg
|
0-0: Called Strike 0-1: Ball 1-1: SINGLE (Groundball, 6D, EV 95.0 MPH) Alonzo Catalan to second
|
Batting: LHB Roger Kean
|
0-0: Called Strike 0-1: Ball 1-1: Ball 2-1: 3-RUN HOME RUN (Flyball, 9D, EV 93.8 MPH), Distance : 368 ft
|
Pitching: RHP Jeremy Kolb
|
|
Batting: RHB Tri Kartini
|
0-0: Ball 1-0: Ball 2-0: Ball 3-0: Called Strike 3-1: Base on Balls
|
Batting: RHB Bobby Basoco
|
0-0: Called Strike 0-1: Swinging Strike 0-2: Strikes out swinging
|
Batting: RHB Jochen Schanz
|
0-0: Ground out 4-3 (Groundball, 34, EV 100.6 MPH)
|
Bottom of the 8th over - 3 runs, 3 hits, 0 errors, 1 left on base; Louisiana State University 3 - University of Southern California 4 |
TOP OF THE 9TH |
Louisiana State University Tigers batting - Pitching for University of Southern California Trojans : RHP Tom Applebee
|
Pitching: RHP Gabe Hires
|
|
Batting: LHB Manny Grado
|
0-0: Ball 1-0: Ground out 4-3 (Groundball, 4, EV 106.2 MPH)
|
Batting: RHB Byung-hee Jee
|
0-0: Ball 1-0: Swinging Strike 1-1: Swinging Strike 1-2: Ball 2-2: Foul Ball, location: 2F 2-2: Strikes out swinging
|
Pinch Hitting: SHB Paul Blaylock
|
0-0: Called Strike 0-1: Ball 1-1: Ball 2-1: Fly out, F8 (Flyball, 8RM, EV 98.1 MPH)
|
Top of the 9th over - 0 runs, 0 hits, 0 errors, 0 left on base; Louisiana State University 3 - University of Southern California 4 |
|